 Dungeon Crawl Stone Soup version 0.29-a0-561-ga02bf68b3c (webtiles) character file.

Game seed: 15115179697878237043

2667 vdjfv the Covert (level 9, -9/41 HPs)
             Began as a Spriggan Enchanter on June 11, 2022.
             Was a Follower of Dithmenos.
             Killed from afar by an electric eel (11 damage)
             ... with a bolt of electricity
             ... on level 8 of the Dungeon.
             The game lasted 00:16:11 (8482 turns).

vdjfv the Covert (Spriggan Enchanter)               Turns: 8482, Time: 00:16:11

Health: -9/41      AC:  3    Str:  8    XL:     9   Next: 37%
Magic:  23/23      EV: 19    Int: 17    God:    Dithmenos [*.....]
Gold:   377        SH:  0    Dex: 21    Spells: 18/26 levels left

rFire   + + .      SeeInvis +   n - +4 dagger
rCold   + . .      Faith    .   (no shield)
rNeg    . . .      Spirit   .   b - +1 robe
rPois   .          Reflect  .   (helmet restricted)
rElec   .          Harm     .   v - scarf {rC+ rF+}
rCorr   .          Rampage  .   (gloves unavailable)
Will    +....                   (boots unavailable)
Stlth   +++.......              (no amulet)
HPRegen 0.13/turn               i - +6 ring of dexterity
MPRegen 0.18/turn               o - ring of protection from fire

@: wreathed by umbra, invisible, slow
A: very small, no large weapons, unfitting armour, see invisible, speed 3
a: Renounce Religion


You were on level 8 of the Dungeon.
You worshipped Dithmenos.
Dithmenos was aware of your devotion.
You visited 2 branches of the dungeon, and saw 9 of its levels.

You collected 377 gold pieces.

Inventory:

Hand Weapons
 a - a +2 dagger
 n - a +4 dagger (weapon)
 z - a +1 dagger of venom
Missiles
 h - 21 poisoned darts (quivered)
Armour
 b - a +1 robe (worn)
 v - a scarf of resistance (worn)
 w - a +0 cloak
Jewellery
 i - a +6 ring of dexterity (left hand)
 o - a ring of protection from fire (right hand)
 q - an amulet of reflection
Wands
 p - a wand of paralysis (18)
 x - a wand of iceblast (7)
 C - a wand of polymorph (4)
Scrolls
 d - 2 scrolls of blinking
 k - 2 scrolls of poison
 m - a scroll of enchant armour
 r - 2 scrolls of fear
 y - a scroll of magic mapping
 A - a scroll of fog
 D - a scroll of vulnerability
Potions
 c - a potion of invisibility
 e - 4 potions of curing
 f - 3 potions of attraction
 g - a potion of haste
 j - 2 potions of brilliance
 l - 2 potions of magic {unknown}
 s - 2 potions of flight {unknown}
 t - a potion of heal wounds {unknown}
 u - a potion of berserk rage {unknown}
 B - a potion of resistance {unknown}
 E - a potion of degeneration {unknown}
 F - a potion of mutation {unknown}


   Skills:
 + Level 1.1 Fighting
 + Level 2.1 Short Blades
 + Level 3.6 Dodging
 + Level 11.0 Stealth
 + Level 9.3 Spellcasting
 + Level 9.7 Hexes


You had 18 spell levels left.
You knew the following spells:

 Your Spells              Type           Power      Damage    Failure   Level
a - Ensorcelled Hibernat  Hex/Ice        48%        N/A       1%          2
b - Tukima's Dance        Hex            41%        N/A       1%          3
d - Confusing Touch       Hex            41%        N/A       1%          3

Your spell library contained the following spells:

 Spells                   Type           Power      Damage    Failure   Level
 Dazzling Flash           Conj/Hex       48%        N/A       3%          3
 Magic Dart               Conj           28%        1d4       9%          1
 Call Imp                 Summ           7%         N/A       14%         2
 Frozen Ramparts          Ice            14%        1d3       26%         3
 Mephitic Cloud           Conj/Pois/Air  7%         N/A       26%         3
 Ice Form                 Ice/Tmut       7%         N/A       65%         4
 Summon Ice Beast         Ice/Summ       7%         N/A       65%         4


Dungeon Overview and Level Annotations

Branches:
Dungeon (8/15)             Temple (1/1) D:6
   Lair: D:8-11

Altars:
Cheibriados
Dithmenos
Fedhas
Gozag
Kikubaaqudgha
Makhleb
Nemelex Xobeh
Okawaru
Qazlal
Ru
Sif Muna
Uskayaw
Wu Jian
Xom
Zin
The Shining One


Innate Abilities, Weirdness & Mutations

You are very small and have problems with some larger weapons.
You are too small for most types of armour.
You have supernaturally acute eyesight. (SInv)
You cover ground extremely quickly. (Speed+++)


Message History

a +0 whip; a +0 club
Found 19 gold pieces.
Things that are here:
a +0 spear; a +0 club; a gnoll corpse An electric eel comes into view.
The electric eel moves out of view.
Found a stone staircase leading down.
e - 4 potions of curing (gained 1)
You now have 377 gold pieces (gained 19).
You enter the shallow water.
Moving in this stuff is going to be slow.
No reachable target in view!
No reachable target in view! 3 electric eels come into view.
The electric eel moves out of view.
The electric eel shoots out a bolt of lightning at you!
The bolt of electricity hits you!
You hit the electric eel.
The electric eel is lightly wounded.
Unknown command.
You fade into invisibility!
The electric eel shoots out a bolt of lightning at you!
The bolt of electricity hits the plant!
The plant begins to die.
The bolt of electricity hits the electric eel.
The electric eel completely resists.
The bolt of electricity hits you!
Unknown command.
The electric eel shoots out a bolt of lightning at you!
The bolt of electricity hits you!
* * * LOW HITPOINT WARNING * * *
The electric eel shoots out a bolt of lightning at you!
The bolt of electricity hits the plant!
The plant begins to die.
The bolt of electricity misses you.
The electric eel shoots out a bolt of lightning at you!
The bolt of electricity hits you!
* * * LOW HITPOINT WARNING * * *
The electric eel shoots out a bolt of lightning at you!
The bolt of electricity hits the plant!
The bolt of electricity hits the electric eel.
The electric eel completely resists.
The bolt of electricity hits you!
You die...

#####.........#
#.........#
#.........#
######.........##
........#####...#
♣♣P♣♣≈≈♣.....##..#
♣♣≈≈♣♣≈♣≈♣♣♣♣......#
≈≈≈≈≈≈≈≈P♣♣♣≈♣♣....#
≈≈≈≈≈≈≈≈@≈S≈≈≈♣ ...#
≈≈≈≈≈≈≈≈♣≈≈P≈≈PS..>.
≈≈≈≈≈≈≈≈≈≈≈≈≈≈≈♣≈####
≈≈≈≈≈≈≈≈≈≈≈≈≈♣S≈♣≈
≈≈≈≈≈≈≈≈≈P≈≈≈≈≈≈≈
≈≈≈≈≈≈≈≈≈≈≈♣≈≈≈S≈
≈≈≈≈≈≈≈≈≈P≈≈≈≈♣♣≈
≈≈≈≈≈≈≈≈≈♣≈≈P♣


You could see 4 electric eels.

Vanquished Creatures
  Sigmund (D:6)
  3 yaks (D:8)
  Edmund (D:6)
  2 water moccasins
  2 black bears (D:6)
  A sky beast (D:6)
  An ogre (D:6)
  3 necrophages
  2 bullfrogs
  4 killer bees (D:6)
  2 hounds (D:5)
  A jelly (D:5)
  6 orc priests
  A gnoll shaman (D:8)
  2 iguanas
  6 orc wizards
  4 gnolls
  7 adders
  3 white imps
  2 worms (D:2)
  2 dart slugs
  31 orcs
  6 bats
  6 endoplasms
  4 giant cockroaches
  8 goblins
  3 hobgoblins
  7 jackals
  2 quokkas
  6 ball pythons
  A frilled lizard (D:2)
  A kobold (D:3)
  8 rats
139 creatures vanquished.

Vanquished Creatures (collateral kills)
  A gnoll sergeant (D:7)
  An orc priest (D:6)
  Crazy Yiuf (D:4)
  5 gnolls
  3 orcs
  A giant cockroach (D:4)
12 creatures vanquished.

Vanquished Creatures (others)
  3 plants (D:8)
3 creatures vanquished.

Grand Total: 154 creatures vanquished

Notes
Turn   | Place    | Note
-------+----------+-------------------------------------------
     0 | D:1      | vdjfv the Spriggan Enchanter began the quest for the Orb.
     0 | D:1      | Reached XP level 1. HP: 9/9 MP: 5/5
   157 | D:1      | Reached XP level 2. HP: 13/13 MP: 7/7
   160 | D:1      | Learned a level 2 spell: Ensorcelled Hibernation
   876 | D:2      | Found a faded altar of an unknown god.
   901 | D:2      | Reached XP level 3. HP: 16/16 MP: 6/9
   905 | D:2      | Learned a level 3 spell: Tukima's Dance
   909 | D:2      | Learned a level 3 spell: Confusing Touch
  1848 | D:2      | Reached XP level 4. HP: 21/21 MP: 11/11
  2056 | D:3      | Reached skill level 5 in Hexes
  2294 | D:3      | Noticed an air elemental
  2295 | D:3      | Found a stormy altar of Qazlal.
  2301 | D:3      | Noticed an earth elemental
  2301 | D:3      | Noticed a fire elemental
  2301 | D:3      | Noticed a water elemental
  2766 | D:3      | Reached skill level 5 in Spellcasting
  2766 | D:3      | Reached XP level 5. HP: 21/24 MP: 2/13
  3227 | D:4      | Reached skill level 5 in Stealth
  3426 | D:4      | You fall into a shaft and drop 2 floors!
  3446 | D:6      | Noticed Edmund
  3478 | D:5      | Entered Level 5 of the Dungeon
  3579 | D:5      | Reached XP level 6. HP: 28/28 MP: 15/15
  3843 | D:4      | Found a blossoming altar of Fedhas.
  4001 | D:4      | Found a runed translucent door.
  4002 | D:4      | Noticed Crazy Yiuf
  4017 | D:4      | Killed Crazy Yiuf
  4313 | D:5      | Reached skill level 6 in Stealth
  4404 | D:5      | Noticed a water moccasin
  4419 | D:5      | Killed a water moccasin
  4420 | D:5      | Reached XP level 7. HP: 32/32 MP: 10/17
  4833 | D:5      | Reached skill level 7 in Stealth
  5769 | D:6      | Killed Edmund
  5770 | D:6      | Reached skill level 8 in Stealth
  5938 | D:6      | Found a staircase to the Ecumenical Temple.
  5942 | Temple   | Entered the Ecumenical Temple
  5984 | Temple   | Became a worshipper of Dithmenos the Shadowed
  6055 | D:6      | Reached XP level 8. HP: 5/36 MP: 14/20
  6451 | D:6      | Reached skill level 9 in Stealth
  6760 | D:6      | Noticed Sigmund
  6765 | D:6      | Killed Sigmund
  6866 | D:6      | Reached skill level 10 in Stealth
  7359 | D:7      | Identified the +2 buckler "Odicli Bedd" {rPois}
  7360 | D:7      | Reached * piety under Dithmenos
  7610 | D:7      | Found a shimmering altar of Xom.
  8029 | D:7      | Found an ornate altar of the Wu Jian Council.
  8054 | D:7      | Reached XP level 9. HP: 33/39 MP: 18/22
  8078 | D:8      | Found a sparkling altar of Nemelex Xobeh.
  8285 | D:8      | Found a shimmering blue altar of Sif Muna.
  8312 | D:8      | Reached skill level 1 in Fighting
  8312 | D:8      | Reached skill level 11 in Stealth
  8482 | D:8      | HP: 2/41 [electric eel/bolt of electricity (10)]
  8482 | D:8      | Killed from afar by an electric eel

Illustrated notes

Levels and vault maps discovered:
D:1:      wander_arrival_fairy_ring, layout_loops_ring
D:2:      layout_basic, nicolae_ecumenical_pavilion
D:3:      layout_rooms, nicolae_qazlal_style_of_elements,
          minmay_strange_pillars, nrook_mini_vaults, grunt_ministairs_10
D:4:      layout_basic, mainiacjoe_overflow_boulevard, serial_glass,
          glass_columns_a, glass_columns_b, uniq_crazy_yiuf_cottage
D:5:      layout_basic, nicolae_figureground_sparkle
D:6:      layout_basic, minmay_temple_entry_glassed_door, lightli_orcish_oven,
          uniq_sigmund, uniq_edmund
D:7:      layout_basic, overflow_temple_1_default,
          pdpol_wu_jian_five_deadly_venoms
D:8:      layout_basic, mainiacjoe_overflow_chevrons,
          mainiacjoe_overflow_six_doors_small, lemuel_round_altar,
          serial_bayou_lake_a
Temple:   cyrus_temple_forest

Skill      XL: |  1  2  3  4  5  6  7  8  9 |
---------------+----------------------------+-----
Spellcasting   | 3 4 5 6 7 8 9 |  9.3
Hexes          | 4 5 6 7 9 |  9.7
Stealth        | 5 6 8 10 11 | 11.0
Dodging        | 3 |  3.6
Short Blades   | 2 |  2.1
Fighting       | 1 |  1.1

Action                   |  1- 3 |  4- 6 |  7- 9 || total
-------------------------+-------+-------+-------++-------
Melee: Dagger            |   102 |   102 |   151 ||   355
       Punch             |     1 |     1 |     3 ||     5
Throw: Dart              |       |     2 |       ||     2
 Cast: Ensorcelled Hiber |     8 |    24 |    39 ||    71
       Tukima's Dance    |       |     5 |    16 ||    21
       Confusing Touch   |       |     2 |     6 ||     8
Evoke: Wand              |       |       |     5 ||     5
  Use: Scroll            |     4 |     5 |     3 ||    12
       Potion            |       |     3 |     2 ||     5
 Stab: Sleeping          |    15 |    21 |    27 ||    63
       Confused          |       |       |     5 ||     5
       Distracted        |       |       |     1 ||     1
Armor: Robe              |     9 |    13 |    15 ||    37
Dodge: Dodged            |    65 |    88 |   129 ||   282

Table legend: (Time is in decaauts)
 A = Elapsed time spent in this place.
 B = Non-inter-level travel time spent in this place.
 C = Inter-level travel time spent in this place.
 D = Time resting spent in this place.
 E = Time spent auto-exploring this place.
 F = Levels seen in this place.
 G = Mean time per level.
                   A        B        C        D        E       F      G
               +--------+--------+--------+--------+--------+-----+--------+
         Total |   6734 |   6520 |    214 |    699 |   4719 |   9 |  748.2 |
       Dungeon |   6686 |   6494 |    192 |    699 |   4702 |   8 |  835.8 |
        Temple |     48 |     27 |     21 |      0 |     17 |   1 |   48.0 |
               +--------+--------+--------+--------+--------+-----+--------+

Top non-repeatable levels by time:
     D:6: 1177 daAuts
     D:5: 1152 daAuts
     D:2: 1064 daAuts
     D:4: 946 daAuts
     D:7: 669 daAuts
     D:3: 667 daAuts
     D:1: 651 daAuts
     D:8: 357 daAuts
  Temple: 48 daAuts
